 Dungeon Crawl Stone Soup version 0.22-a0-757-gdba82d8 (webtiles) character file.

2627 sking99 the Grappler (level 9, 0/66 HPs)
             Began as a Demonspawn Fighter on July 16, 2018.
             Was a Believer of Dithmenos.
             Killed from afar by an electric eel (8 damage)
             ... with a bolt of electricity
             ... on level 6 of the Dungeon.
             The game lasted 00:14:16 (8574 turns).

sking99 the Grappler (Demonspawn Fighter)           Turns: 8574, Time: 00:14:16

Health: 0/66       AC: 11    Str: 20    XL:     9   Next: 34%
Magic:  9/9        EV: 10    Int:  9    God:    Dithmenos [**....]
Gold:   293        SH: 11    Dex: 18    Spells: 8/8 levels left

rFire    . . .     SeeInvis .     - Unarmed
rCold    . . .     Gourm    .   c - +0 shield
rNeg     . . .     Faith    .   n - +3 chain mail
rPois    +         Spirit   .   (no helmet)
rElec    .         Reflect  .   (no cloak)
rCorr    .         Harm     .   (no gloves)
MR       .....                  (no boots)
Stlth    +.........             (no amulet)
HPRegen  0.21/turn              i - ring of poison resistance
MPRegen  0.11/turn              (no ring)

@: agile, wreathed by umbra
A: claws 1, nightstalker 1, powered by pain 1
a: Shadow Step, Renounce Religion


You were on level 6 of the Dungeon.
You worshipped Dithmenos.
Dithmenos was pleased with you.
You were not hungry.

You visited 1 branch of the dungeon, and saw 6 of its levels.

You collected 293 gold pieces.

Inventory:

Armour
 c - a +0 shield (worn)
 n - a +3 chain mail (worn)
Jewellery
 i - a ring of poison resistance (left claw)
 u - an uncursed amulet of guardian spirit {unknown}
Wands
 s - a wand of iceblast (5)
 v - a wand of scattershot (5)
Scrolls
 g - 4 scrolls of teleportation
 h - 3 scrolls of identify
 k - 5 scrolls of remove curse
 m - a scroll of immolation
 o - a scroll of amnesia
 t - a scroll of blinking {unknown}
Potions
 a - a potion of might
 b - 2 potions of cancellation
 d - a potion of lignification
 e - 2 potions of brilliance
 j - 4 potions of curing
 l - 3 potions of flight
 q - a potion of haste
 r - 2 potions of mutation
Comestibles
 f - 9 rations
 p - 2 chunks of flesh


   Skills:
 - Level 4.3 Fighting
   Level 4.4 Maces & Flails
 - Level 2.6 Armour
 + Level 7.1 Shields
 * Level 8.2 Unarmed Combat


You had 8 spell levels left.
You didn't know any spells.
Your spell library contained the following spells:

 Spells                   Type           Power        Failure   Level  Hunger
 Summon Small Mammal      Summ           #...         100%        1    ##.....
 Summon Ice Beast         Ice/Summ       #.......     100%        4    #####..
 Call Imp                 Summ           #.......     100%        2    ###....
 Call Canine Familiar     Summ           #.......     100%        3    ####...
 Summon Lightning Spire   Summ/Air       #.......     100%        4    #####..
 Summon Guardian Golem    Hex/Summ       #.......     100%        3    ####...


Dungeon Overview and Level Annotations

Branches:
Dungeon (6/15)             Temple (0/1) D:5

Altars:
Ashenzari
Dithmenos
Ru
Sif Muna
Zin
The Shining One

Shops:
D:4 %

Annotations:
D:2 Sigmund


Innate Abilities, Weirdness & Mutations

You have sharp fingernails.
You are slightly more attuned to the shadows.
You sometimes gain a little power by taking damage.


Message History

The electric eel shoots out a bolt of lightning at you!
The bolt of electricity hits you!
You closely miss the electric eel.
Your chain mail prevents you from hitting the electric eel.
The electric eel shoots out a bolt of lightning at you!
The bolt of electricity hits you!
You claw the electric eel!
The electric eel is almost dead.
You closely miss the electric eel.
The electric eel is almost dead.
The electric eel shoots out a bolt of lightning at you!
The bolt of electricity hits you! The ogre hits you with a giant club!!
* * * LOW HITPOINT WARNING * * *
You focus on the pain.
You feel agile all of a sudden.
Your shield and chain mail prevent you from hitting the electric eel.
The electric eel is almost dead.
The electric eel shoots out a bolt of lightning at you!
The bolt of electricity hits you!
You die...

.#......#...................>..#
#.........######........#.....#
.......###.))............#######
..>##### #(<############..# #.#
####.)# ##... #.
..#.....##########. ... .
....................
....................
.............@......
.≈.≈≈≈≈......O;≈≈.≈≈
≈≈≈≈≈≈≈....).≈≈≈≈≈≈≈
≈≈≈≈≈≈≈≈.....≈≈≈≈≈≈≈
≈≈≈≈≈≈.....≈≈≈≈≈≈≈≈
#######''######### .... #....
#...


You could see an ogre and an electric eel.

Vanquished Creatures
  Pikel (D:4)
  Grinder (D:3)
  The ghost of Acredo the Ruffian, an amateur TrMo of Makhleb (D:4)
  Menkaure (D:4)
  A hornet zombie (D:5)
  A phantom (D:5)
  A centaur (D:5)
  A gnoll sergeant (D:5)
  2 scorpions
  A water moccasin skeleton (D:4)
  3 killer bees (D:6)
  4 crimson imps
  2 bullfrog zombies
  2 jellies
  2 gnoll shamans (D:5)
  An orc wizard (D:5)
  2 iguanas (D:4)
  3 worker ants
  Robin (D:4)
  40 gnolls
  14 adders
  A shadow imp (D:5)
  2 oozes
  An adder skeleton (D:5)
  3 worms
  3 leopard geckos
  12 orcs
  A ball python (D:3)
  4 bats
  8 giant cockroaches
  16 goblins
  10 hobgoblins
  20 jackals
  2 quokkas
  5 frilled lizards
  8 kobolds
  2 quokka skeletons (D:5)
  A quokka zombie (D:5)
  7 rats
191 creatures vanquished.

Vanquished Creatures (others)
  An ooze (D:4)
1 creature vanquished.

Grand Total: 192 creatures vanquished

Notes
Turn   | Place    | Note
-------+----------+-------------------------------------------
     0 | D:1      | sking99 the Demonspawn Fighter began the quest for the Orb.
     0 | D:1      | Reached XP level 1. HP: 18/18 MP: 1/1
   230 | D:1      | Gained mutation: You sometimes gain a little power by taking damage. [demonic ancestry]
   230 | D:1      | Reached XP level 2. HP: 23/24 MP: 2/2
   658 | D:1      | Reached XP level 3. HP: 28/29 MP: 3/3
   864 | D:2      | Noticed Sigmund
  1712 | D:2      | Reached XP level 4. HP: 27/35 MP: 4/4
  2314 | D:2      | Reached XP level 5. HP: 16/42 MP: 5/5
  2580 | D:3      | Noticed Grinder
  2588 | D:3      | Killed Grinder
  2588 | D:3      | Gained mutation: You have sharp fingernails. [demonic ancestry]
  2588 | D:3      | Reached XP level 6. HP: 49/49 MP: 6/6
  3467 | D:4      | Reached skill level 1 in Unarmed Combat
  3669 | D:4      | Reached skill level 2 in Unarmed Combat
  3671 | D:4      | Noticed Menkaure
  3680 | D:4      | Killed Menkaure
  3680 | D:4      | Gained mutation: You are slightly more attuned to the shadows. [demonic ancestry]
  3680 | D:4      | Reached XP level 7. HP: 17/55 MP: 7/7
  3910 | D:4      | Noticed Pikel
  3929 | D:4      | Killed Pikel
  3929 | D:4      | Reached skill level 5 in Shields
  3929 | D:4      | Reached skill level 4 in Unarmed Combat
  4200 | D:4      | Reached XP level 8. HP: 61/61 MP: 8/8
  4332 | D:4      | Found a deep blue altar of Sif Muna.
  4332 | D:4      | Found a shattered altar of Ashenzari.
  4340 | D:4      | Found a glowing silver altar of Zin.
  4340 | D:4      | Found a shadowy altar of Dithmenos.
  4344 | D:4      | Found a sacrificial altar of Ru.
  4349 | D:4      | Became a worshipper of Dithmenos the Shadowed
  4517 | D:4      | Found Xinurchay's Food Emporium.
  4637 | D:4      | Found a runed door.
  4638 | D:4      | Noticed Acredo's ghost (amateur TrMo)
  4681 | D:4      | Reached skill level 5 in Unarmed Combat
  4748 | D:4      | Noticed Robin
  4842 | D:4      | Killed Robin
  5197 | D:4      | Killed Acredo's ghost
  5422 | D:5      | Entered Level 5 of the Dungeon
  5657 | D:5      | Reached * piety under Dithmenos
  5686 | D:5      | Reached skill level 6 in Unarmed Combat
  5836 | D:5      | Found a staircase to the Ecumenical Temple.
  6164 | D:5      | Found a glowing golden altar of the Shining One.
  6495 | D:5      | Reached skill level 7 in Unarmed Combat
  6871 | D:5      | Reached ** piety under Dithmenos
  6956 | D:5      | Reached XP level 9. HP: 44/66 MP: 9/9
  8032 | D:6      | Reached skill level 8 in Unarmed Combat
  8574 | D:6      | Killed from afar by an electric eel

Vault maps used:
D:1:      dpeg_arrival_three_smaller_balls
D:2:      minmay_wonky_spiral, grunt_ministairs_12, uniq_sigmund
D:3:      uniq_grinder
D:4:      minitemple, serial_shops, nicolae_shop_stone, first_ration,
          gammafunk_ghost_grave, serial_bayou_pond_b, uniq_menkaure, uniq_pikel,
          uniq_robin
D:5:      lemuel_castle_with_subvaults, tso_altar,
          minmay_temple_entry_junction_2
D:6:      minmay_goblin_kobold_castle

Skill      XL: |  1  2  3  4  5  6  7  8  9 |
---------------+----------------------------+-----
Maces & Flails | 2 3 4 |  4.4
Shields        | 3 4 5 6 7 |  7.1
Fighting       | 4 |  4.3
Unarmed Combat | 2 4 7 8 |  8.2
Armour         | |  2.6

Action                   |  1- 3 |  4- 6 |  7- 9 || total
-------------------------+-------+-------+-------++-------
Melee: Flail             |   132 |   197 |    61 ||   390
       Unarmed           |       |       |   470 ||   470
  Use: Scroll            |       |     9 |     6 ||    15
       Potion            |       |     1 |     2 ||     3
  Eat: Chunk             |     2 |     7 |    17 ||    26
Armor: Scale mail        |    47 |       |       ||    47
       Chain mail        |     7 |   103 |   211 ||   321
Dodge: Dodged            |    38 |    46 |   121 ||   205
Block: Shield            |    74 |   104 |   297 ||   475

Table legend:
 A = Spawn XP
 B = Non-spawn XP
 C = Spawn XP percentage of total XP
 D = Spawn monster count
 E = Non-spawn monster count
 F = Spawn count percentage of total count
 G = Total turns spent on level
                    A         B        C        D         E        F      G
               +---------+---------+-------+---------+---------+-------+---------
         Total |       0 |    3753 |   0.0 |       0 |     191 |   0.0 |  8574
               +---------+---------+-------+---------+---------+-------+---------
           D:1 |       0 |      45 |   0.0 |       0 |      22 |   0.0 |  1245
           D:2 |       0 |     154 |   0.0 |       0 |      26 |   0.0 |  1326
           D:3 |       0 |     291 |   0.0 |       0 |      14 |   0.0 |   811
           D:4 |       0 |    1352 |   0.0 |       0 |      31 |   0.0 |  2257
           D:5 |       0 |    1493 |   0.0 |       0 |      84 |   0.0 |  2359
           D:6 |       0 |     418 |   0.0 |       0 |      14 |   0.0 |   576
               +---------+---------+-------+---------+---------+-------+---------
